 Dungeon Crawl Stone Soup version 0.32-a0-814-g0968bab981 (webtiles) character file.

Game seed: 13174751120753792391

243 tilp the Sneak (level 5, -6/38 HPs)
             Began as a Vampire Enchanter on Mar 22, 2024.
             Mangled by Natasha (8 damage)
             ... on level 3 of the Dungeon.
             The game lasted 00:04:21 (2619 turns).

tilp the Sneak (Vampire Enchanter)                  Turns: 2619, Time: 00:04:22

Health: -6/38      AC:  3    Str:  7    XL:     5   Next: 82%
Magic:  4/17       EV: 11    Int: 19    God:
Gold:   146        SH:  6    Dex: 19    Spells: 3/8 levels left

rFire   . . .        a - +1 dagger (freeze)
rCold   . . .        l - +2 buckler of Veosael {*Slow rPois MP+9 Dex+4}
rNeg    . . .        g - +0 leather armour
rPois   +            (no helmet)
rElec   .            (no cloak)
rCorr   .            (no gloves)
SInv    +            (no boots)
Will    .....        (no amulet)
Stlth   +++          h - ring of poison resistance
HPRegen 0.46/turn    (no ring)
MPRegen 0.15/turn

%: slow self (1%)
@: very slightly contaminated, healing quickly, invisible
A: alive, fangs 3, see invisible, vampiric 2
a: Exsanguinate


You were on level 3 of the Dungeon.
You visited 1 branch of the dungeon, and saw 4 of its levels.

You collected 146 gold pieces.

Inventory:

Hand Weapons
 a - a +1 dagger of freezing (weapon)
Missiles
 f - 15 poisoned darts (quivered)
Armour
 g - a +0 leather armour (worn)
 l - the +2 buckler of Veosael (worn) {*Slow rPois MP+9 Dex+4}
   (You found it on level 3 of the Dungeon)

   Dex+4:     It affects your dexterity (+4).
   rPois:     It protects you from poison.
   MP+9:      It affects your magic capacity (+9).
   *Slow:     It may slow you when you take damage.
Jewellery
 h - a ring of poison resistance (left hand)
Scrolls
 e - 2 scrolls of blinking {unknown}
 j - a scroll of immolation
 k - a scroll of teleportation
 o - a scroll of vulnerability
Potions
 b - 2 potions of magic
 c - a potion of invisibility
 d - a potion of brilliance
 i - a potion of berserk rage
 m - a potion of might
 n - a potion of curing {unknown}


   Skills:
 * Level 1.8 Fighting
 + Level 2.1(2.7) Short Blades
 * Level 2.3(2.7) Long Blades
 + Level 1.0 Armour
 + Level 3.0 Dodging
 + Level 5.0 Stealth
 + Level 1.1 Shields
 + Level 2.4 Spellcasting
 + Level 4.9 Hexes
 + Level 1.0 Evocations


You had 3 spell levels left.
You knew the following spells:

 Your Spells              Type           Power      Damage    Failure   Level
a - Ensorcelled Hibernat  Hex/Ice        22%        N/A       22%         2
b - Confusing Touch       Hex            21%        N/A       16%         3

Your spell library contained the following spells:

 Spells                   Type           Power      Damage    Failure   Level
 Tukima's Dance           Hex            21%        N/A       16%         3
 Dazzling Flash           Conj/Hex       22%        N/A       38%         3


Dungeon Overview and Level Annotations

Branches:
Dungeon (4/15)
 Temple: D:4-7

Altars:

Annotations:
D:3 Grinder, Natasha


Innate Abilities, Weirdness & Mutations

Your natural rate of healing is accelerated.
You have razor-sharp teeth.
You have supernaturally acute eyesight. (SInv)
You are afflicted with vampirism and can become a bat while bloodless.


Message History

Unknown command.
Natasha claws you!
The cerulean imp hits you from afar with a +1 spear.
* * * LOW HITPOINT WARNING * * *
Unknown command.
Casting: Ensorcelled Hibernation (safe; 22% risk of failure)
Confirm with . or Enter, or press ? or * to list all spells.
Aiming: Ensorcelled Hibernation (safe; 22% risk of failure)
Press: ? - help, Shift-Dir - straight line, f/p - Natasha
Aim: Natasha (chance to affect: 45%) Natasha resists with some effort.
Natasha claws you.
* * * LOW HITPOINT WARNING * * *
The cerulean imp hits you from afar with a +1 spear.
* * * LOW HITPOINT WARNING * * *
Casting: Ensorcelled Hibernation (safe; 22% risk of failure)
Confirm with . or Enter, or press ? or * to list all spells.
Aiming: Ensorcelled Hibernation (safe; 22% risk of failure)
Press: ? - help, Shift-Dir - straight line, f/p - Natasha
Aim: Natasha (chance to affect: 45%) Natasha resists with some effort.
You block Natasha's attack.
The cerulean imp hits you from afar with a +1 spear.
* * * LOW HITPOINT WARNING * * *
Unknown command.
Casting: Ensorcelled Hibernation (safe; 22% risk of failure)
Confirm with . or Enter, or press ? or * to list all spells.
Aiming: Ensorcelled Hibernation (safe; 22% risk of failure)
Press: ? - help, Shift-Dir - straight line, f/p - Natasha
Aim: Natasha (chance to affect: 45%) Natasha resists with some effort.
Natasha casts a spell at you. The magic dart hits you.
* * * LOW HITPOINT WARNING * * *
The cerulean imp hits you but does no damage.
You fade into invisibility!
You block Natasha's attack.
The cerulean imp hits you from afar with a +1 spear.
* * * LOW HITPOINT WARNING * * *
Natasha claws you!
You die...
Natasha begins licking her fur clean.

############
#..........#
#.########.##
...######..>##
.........###.##
...####.## ##.##
#.## #.#######)##
#.####.##...#...##
.....#.##....###@##
#.##.##.....## ##h#
#.##........# #5#
#.##..#.....## ##.#
#.##.........###.##
#...........#....#
####..)........#.##
# ##[###.#.#h##..##
#####.#
#.#.[..รท...#


You could see Natasha and a cerulean imp (summoned, unable to see you).

Vanquished Creatures
  An orc priest (D:3)
  Jessica (D:3)
  Natasha (D:3)
  2 orc wizards (D:3)
  5 adders
  2 dart slugs
  2 ribbon worms
  6 orcs (D:3)
  7 bats
  5 endoplasms
  2 giant cockroaches
  3 hobgoblins (D:1)
  3 kobolds
  3 quokkas
  7 ball pythons
  4 frilled lizards
  4 goblins
  4 rats
62 creatures vanquished.

Notes
Turn   | Place    | Note
-------+----------+-------------------------------------------
     0 | D:1      | tilp the Vampire Enchanter began the quest for the Orb.
     0 | D:1      | Reached XP level 1. HP: 13/13 MP: 3/3
   318 | D:1      | Reached XP level 2. HP: 20/20 MP: 5/5
   321 | D:1      | Learned a level 2 spell: Ensorcelled Hibernation
   516 | D:1      | Reached skill level 1 in Long Blades
   933 | D:2      | Gained mutation: You are afflicted with vampirism and can
                  | become a bat while bloodless. [Vampire growth]
   933 | D:2      | Reached XP level 3. HP: 21/25 MP: 4/6
   941 | D:2      | Learned a level 3 spell: Confusing Touch
  1618 | D:3      | Reached skill level 1 in Fighting
  1781 | D:3      | Reached XP level 4. HP: 23/32 MP: 0/7
  1959 | D:3      | Identified the +2 buckler of Veosael {*Slow rPois MP+9
                  | Dex+4}
  1978 | D:3      | Reached XP level 5. HP: 26/37 MP: 3/8
  1984 | D:3      | Noticed Grinder
  2287 | D:3      | Noticed Jessica
  2301 | D:3      | Killed Jessica
  2302 | D:3      | Reached skill level 1 in Armour
  2302 | D:3      | Reached skill level 1 in Shields
  2303 | D:3      | Noticed Natasha
  2309 | D:3      | Killed Natasha
  2310 | D:3      | Reached skill level 1 in Evocations
  2368 | D:3      | You fall into a shaft and drop 1 floor!
  2383 | D:4      | Reached skill level 5 in Stealth
  2604 | D:3      | Noticed Natasha
  2618 | D:3      | HP: 1/38 [cerulean imp/+1 spear[Natasha] (3)]
  2619 | D:3      | Mangled by Natasha

Illustrated notes

Levels and vault maps discovered:
D:1:      hellmonk_arrival_library, layout_loops_ring
D:2:      layout_loops_ring, corexii_leaking_fountain
D:3:      layout_loops_ring, uniq_jessica, uniq_grinder, uniq_natasha
D:4:      layout_cave_pools, nicolae_overflow_squiral, serial_shops,
          nicolae_shop_tiny_waterfront, dreamdust_princess_corridor,
          uniq_menkaure, uniq_blork_the_orc, uniq_eustachio

Skill      XL: |  1  2  3  4  5 |
---------------+----------------+-----
Long Blades    | 1 2 |  2.3
Fighting       | 1 |  1.8
Short Blades   | 2 |  2.1
Armour         | 1 |  1.0
Shields        | 1 |  1.1
Dodging        | 3 |  3.0
Evocations     | 1 |  1.0
Stealth        | 5 |  5.0
Spellcasting   | |  2.4
Hexes          | |  4.9

Action                     |  1- 3 |  4- 6 || total
---------------------------+-------+-------++-------
  Melee: Dagger            |   117 |    90 ||   207
         Bite              |     7 |     6 ||    13
  Throw: Dart              |       |     1 ||     1
   Cast: Ensorcelled Hiber |     8 |    13 ||    21
         Confusing Touch   |       |     1 ||     1
    Use: Scroll            |    10 |       ||    10
         Potion            |       |     1 ||     1
   Stab: Sleeping          |    12 |     8 ||    20
 Armour: Robe              |     7 |       ||     7
         Leather armour    |    57 |    40 ||    97
  Dodge: Dodged            |    59 |    35 ||    94
  Block: Buckler           |       |    12 ||    12

Table legend: (Time is in decaauts)
 A = Elapsed time spent in this place.
 B = Non-inter-level travel time spent in this place.
 C = Inter-level travel time spent in this place.
 D = Time resting spent in this place.
 E = Time spent auto-exploring this place.
 F = Levels seen in this place.
 G = Mean time per level.
                   A        B        C        D        E       F      G
               +--------+--------+--------+--------+--------+-----+--------+
         Total |   2602 |   2497 |    105 |    358 |   1529 |   4 |  650.5 |
       Dungeon |   2602 |   2497 |    105 |    358 |   1529 |   4 |  650.5 |
               +--------+--------+--------+--------+--------+-----+--------+

Top non-repeatable levels by time:
     D:1: 933 daAuts
     D:2: 808 daAuts
     D:3: 741 daAuts
     D:4: 119 daAuts
